Map: Ice and Chrome LE

Players

HeroMarine - Winner!

  • Race: Terran Terran
  • League: Master
  • Spawn Location: 1:00

PtitDrogo

  • Race: Protoss Protoss
  • League: Master
  • Spawn Location: 7:00

Event: DreamHack SC2 Masters 2020 Summer Europe

VOD

Have the link to the VOD?

Description

Time

  • Played on: July 10, 2020, 11:33 a.m.
  • Length: 12:12

All games in this series

Show
View Real Time Build Order
Export as new Build Order

HeroMarine Terran - Winner!

Build Orders: Reaper Expand 

Get SALT Encoding   

  12  0:00  SCV  
  13  0:12  SCV  
  14  0:17  Supply Depot  
  14  0:25  SCV  
  15  0:38  SCV  
  15  0:40  Barracks  
  16  0:42  Refinery  
  16  0:51  SCV  
  17  1:03  SCV  
  18  1:15  SCV  
  19  1:28  Orbital Command, Reaper  
  20  1:45  Command Center  
  20  1:53  Supply Depot, SCV  
  21  2:00  Marine  
  22  2:06  SCV  
  23  2:08  Factory  
  23  2:13  Refinery  
  23  2:19  Bunker, SCV  
  23  2:22  Barracks Reactor  
  24  2:31  SCV  
  25  2:43  SCV  
  26  2:55  SCV  
  26  2:58  Marine x2  
  28  2:59  Hellion  
  28  3:01  Orbital Command  
  28  3:02  Starport  
  31  3:07  SCV  
  32  3:17  Marine x2  
  32  3:19  SCV  
  35  3:20  Hellion  
  37  3:27  SCV  
  37  3:31  Supply Depot, SCV  
  39  3:38  Medivac  
  39  3:40  SCV  
  44  3:43  SCV  
  44  3:48  Hellion  
  45  3:52  Supply Depot, SCV  
  45  3:53  Marine x2  
  48  3:55  SCV  
  49  4:04  SCV  
  49  4:07  SCV  
  51  4:10  Starport Tech Lab, Factory Tech Lab  
  51  4:16  Command Center, SCV  
  52  4:17  Marine x2  
  52  4:20  SCV  
  52  4:22  Supply Depot  
  55  4:28  SCV  
  55  4:29  Raven  
  58  4:32  Refinery, SCV  
  58  4:34  Siege Tank  
  62  4:43  Marine x2  
  62  4:44  SCV  
  62  4:45  SCV  
  64  4:58  SCV x2  
  60  5:00  Barracks  
  60  5:01  Marine x2  
  60  5:03  Barracks  
  62  5:08  Siege Tank  
  62  5:09  Refinery  
  62  5:13  SCV  
  67  5:17  SCV  
  67  5:19  Marine x2, Starport Reactor  
  67  5:20  Engineering Bay  
  69  5:26  SCV  
  70  5:28  Orbital Command  
  70  5:30  SCV  
  71  5:37  Marine x2  
  71  5:38  SCV  
  71  5:42  SCV  
  75  5:47  Siege Tank  
  78  5:52  Terran Infantry Weapons Level 1  
  78  5:54  Marine x2, Barracks Tech Lab  
  78  5:55  Stimpack  
  82  5:58  Marauder  
  82  5:59  Orbital Command, Barracks x2  
  82  6:00  SCV x2  
  82  6:03  Supply Depot  
  83  6:07  Supply Depot  
  83  6:08  Medivac  
  85  6:13  SCV x2, Medivac  
  89  6:21  Marauder x2  
  89  6:23  Combat Shield  
  89  6:25  Marine x2  
  95  6:27  SCV x2  
  95  6:29  Supply Depot, SCV  
  98  6:39  SCV  
  99  6:40  SCV  
  99  6:41  SCV, Medivac  
  99  6:43  Marauder, Medivac  
  99  6:44  Marauder  
  99  6:46  Barracks Reactor  
  108  6:50  Refinery  
  108  6:52  Refinery, Supply Depot, SCV  
  108  6:53  SCV x2  
  111  6:56  Marine x2  
  113  7:01  Concussive Shells  
  113  7:02  Marauder  
  113  7:04  SCV  
  113  7:07  Supply Depot, SCV  
  113  7:08  Supply Depot  
  117  7:13  SCV  
  117  7:14  Marauder, Supply Depot  
  120  7:16  SCV  
  120  7:20  Marauder, Marine x2  
  123  7:24  Medivac  
  123  7:29  Marauder, Marine x2, SCV, Medivac  
  132  7:31  Supply Depot, SCV  
  132  7:32  SCV  
  134  7:40  Missile Turret  
  134  7:42  Marauder  
  136  7:44  Marauder  
  136  7:49  Marine x4, Terran Infantry Armor Level 1, Armory, Engineering Bay  
  136  7:50  Marine  
  143  7:55  Factory Reactor  
  143  7:58  Viking  
  145  8:00  Starport  
  145  8:01  Viking  
  145  8:03  Marine  
  145  8:05  Ghost Academy  
  147  8:16  Marauder  
  151  8:21  Marine x2  
  151  8:22  Marauder  
  153  8:28  Viking  
  153  8:29  Supply Depot, Command Center  
  153  8:30  Viking  
  157  8:39  Enhanced Shockwaves  
  157  8:42  Supply Depot  
  157  8:43  Supply Depot, Ghost  
  157  8:44  SCV x3  
  157  8:47  Ghost  
  164  9:00  Terran Infantry Weapons Level 2  
  164  9:01  Terran Ship Weapons Level 1  
  154  9:04  Viking x3  
  154  9:08  Ghost  
  162  9:11  Barracks  
  162  9:13  Marine x2  
  162  9:14  Marine, Barracks  
  162  9:15  Marine  
  166  9:21  Barracks  
  163  9:24  Viking  
  163  9:26  Ghost  
  163  9:28  Ghost  
  167  9:37  Bunker, Medivac  
  169  9:39  Viking  
  169  9:42  Missile Turret, Viking  
  173  9:46  Marine x4  
  173  9:52  Terran Infantry Armor Level 2, SCV x3  
  180  10:01  Barracks Reactor, Barracks Tech Lab  
  180  10:04  Marauder x3  
  180  10:05  Refinery  
  186  10:08  Refinery  
  186  10:09  SCV x3, Missile Turret  
  189  10:16  Barracks Tech Lab  
  187  10:21  Ghost  
  187  10:24  Ghost  
  187  10:25  Marauder  
  192  10:30  Marauder, Planetary Fortress  
  192  10:34  SCV  
  192  10:35  SCV x2  
  194  10:37  Ghost  
  196  10:47  Marauder  
  197  10:50  Ghost  
  192  11:02  Marauder x2  
  179  11:06  Marauder, Marine x3  
  179  11:07  SCV x2  
  179  11:08  Marauder, SCV x2  
  179  11:10  Medivac x2  
  188  11:13  Marine x2  
  187  11:19  Marauder  
  187  11:23  Marauder  
  187  11:24  Marauder  
  185  11:28  Marauder  
  185  11:29  Marauder, Marine x4  
  185  11:31  Marine  
  181  11:35  Medivac x2  
  181  11:37  Marine  
  186  11:40  Marauder  
  186  11:44  Marine  
  186  11:45  Marauder  
  186  11:47  Marine x3  
  191  11:50  Marauder  
  191  11:51  Command Center  
  191  11:52  Marine x2  
Show
View Real Time Build Order
Export as new Build Order

PtitDrogo Protoss 

Build Orders: 1 Gate Expand, Blink Stalkers 

Get SALT Encoding   

  12  0:00  Probe  
  13  0:12  Probe  
  14  0:17  Pylon  
  14  0:25  Probe  
  15  0:33  Probe  
  15  0:36  Gateway  
  15  0:41  Probe  
  16  0:46  Assimilator  
  17  0:51  Probe  
  18  1:04  Probe  
  19  1:16  Probe  
  20  1:22  Cybernetics Core  
  20  1:32  Nexus  
  20  1:39  Pylon  
  20  1:42  Probe  
  21  1:47  Assimilator  
  21  1:49  Adept  
  21  1:55  Probe  
  24  2:04  Shield Battery  
  24  2:05  Warp Gate  
  24  2:09  Stalker  
  24  2:10  Probe  
  28  2:22  Probe  
  28  2:37  Twilight Council  
  28  2:40  Probe  
  28  2:42  Probe  
  29  2:47  Stalker  
  32  2:51  Probe  
  32  2:54  Probe  
  34  3:03  Probe  
  35  3:06  Probe  
  35  3:08  Robotics Facility  
  36  3:13  Probe  
  36  3:18  Probe  
  38  3:21  Probe  
  39  3:29  Probe  
  39  3:31  Gateway, Probe  
  41  3:35  Blink  
  41  3:39  Gateway  
  41  3:43  Probe  
  41  3:44  Pylon  
  41  3:45  Probe  
  41  3:48  Observer  
  43  3:52  Pylon  
  43  3:55  Probe  
  45  3:57  Probe  
  45  4:01  Assimilator, Pylon  
  46  4:04  Assimilator  
  46  4:06  Observer  
  46  4:07  Probe  
  46  4:08  Stalker  
  50  4:10  Probe  
  51  4:19  Probe  
  51  4:22  Probe  
  53  4:26  Stalker  
  53  4:29  Pylon  
  55  4:31  Probe  
  55  4:34  Stalker x2, Probe  
  61  4:43  Probe  
  62  4:51  Stalker  
  58  4:54  Probe  
  58  4:55  Probe  
  60  5:01  Nexus  
  60  5:02  Probe  
  60  5:03  Probe  
  60  5:11  Probe  
  60  5:12  Probe  
  61  5:16  Robotics Bay  
  61  5:18  Forge  
  63  5:21  Probe  
  63  5:23  Probe  
  63  5:27  Forge  
  65  5:34  Probe  
  65  5:35  Probe  
  66  5:36  Charge  
  66  5:39  Protoss Ground Armor Level 1  
  66  5:41  Protoss Ground Weapons Level 1  
  67  5:47  Probe  
  68  5:51  Probe  
  69  5:57  Pylon  
  69  5:59  Probe  
  69  6:02  Colossus  
  69  6:03  Probe  
  77  6:06  Extended Thermal Lance  
  78  6:11  Probe  
  78  6:12  Sentry, Probe  
  78  6:15  Probe  
  82  6:20  Probe  
  82  6:21  Gateway  
  82  6:23  Gateway, Probe  
  82  6:24  Probe  
  84  6:26  Gateway  
  84  6:29  Probe  
  86  6:35  Probe  
  86  6:36  Assimilator x2  
  87  6:42  Shield Battery, Probe  
  87  6:44  Pylon  
  88  6:47  Colossus  
  88  6:48  Probe x2  
  90  6:55  Probe  
  97  7:03  Templar Archives  
  97  7:04  Gateway  
  97  7:05  Gateway  
  97  7:08  Pylon  
  97  7:09  Stalker  
  97  7:10  Zealot  
  97  7:15  Probe, Pylon  
  102  7:24  Probe  
  102  7:25  Protoss Ground Armor Level 2, Pylon  
  102  7:28  Nexus, Pylon  
  102  7:29  Colossus  
  103  7:31  Pylon  
  103  7:42  Pylon  
  103  7:43  Protoss Ground Weapons Level 2  
  109  7:45  Probe x3  
  112  7:57  Probe x2  
  114  8:04  High Templar x3  
  114  8:05  High Templar  
  122  8:06  Zealot x2  
  122  8:08  Probe  
  122  8:09  Probe  
  122  8:10  Assimilator  
  122  8:11  Assimilator  
  128  8:15  Archon x2, Shield Battery  
  128  8:16  High Templar  
  128  8:17  Zealot  
  132  8:24  Gateway  
  132  8:25  Gateway  
  132  8:31  Stalker x2  
  134  8:37  Zealot x4  
  138  8:55  Stalker x3  
  138  8:56  Stalker  
  144  9:07  High Templar x2  
  144  9:08  High Templar x2  
  152  9:13  Photon Cannon, Pylon  
  152  9:14  Archon x2, Pylon  
  152  9:15  Shield Battery  
  152  9:17  Pylon  
  152  9:23  Psionic Storm  
  152  9:25  Warp Prism  
  152  9:27  Probe  
  152  9:30  Probe x2  
  155  9:37  Robotics Facility  
  157  9:38  Pylon  
  157  9:40  Photon Cannon  
  157  9:42  Shield Battery  
  157  9:45  High Templar x3  
  163  9:49  Nexus  
  163  9:50  Pylon  
  163  9:52  Immortal  
  163  9:58  Photon Cannon  
  163  10:00  Shield Battery  
  163  10:03  Shield Battery  
  163  10:05  High Templar x2, Zealot x5  
  179  10:10  Archon  
  179  10:25  Zealot x6  
  179  10:26  Zealot x2  
  187  10:38  Stalker x2  
  187  10:52  Zealot x5  
  187  10:53  Zealot x2  
  195  11:02  Colossus, Zealot x3  
  195  11:03  Colossus  
  167  11:05  Archon  
  151  11:12  Zealot x2  
  151  11:15  Zealot x4  
  153  11:18  Zealot  
  153  11:23  Zealot x3  
  111  11:34  High Templar x2  
  111  11:37  High Templar x3  
  111  11:38  Zealot  
  111  11:39  Archon  
  119  11:55  Zealot x4  
  119  12:00  Archon  
  123  12:01  Zealot  
Tags
 
Add a new tag
Caveats
  • Supply blocks, unpowered buildings, or Contaminate may cause inaccurate times.
  • Supply counts are checked every 10 seconds.